 Dungeon Crawl Stone Soup version 0.30-a0-629-gd54f4be4f7 (webtiles) character file.

Game seed: 15747068276362123924

126 bande the Covered (level 5, -2/33 HPs)
             Began as a Gargoyle Fighter on Jan 13, 2023.
             Slain by a hobgoblin (3 damage)
             ... led by Robin
             ... on level 3 of the Dungeon.
             The game lasted 00:03:18 (2246 turns).

bande the Covered (Gargoyle Fighter)                Turns: 2246, Time: 00:03:19

Health: -2/33      AC:  0    Str: 20    XL:     5   Next: 10%
Magic:  5/5        EV: 13    Int:  8    God:
Gold:   75         SH:  0    Dex: 11    Spells: 4/4 levels left

rFire   . . .      SeeInvis .    (weapon currently unavailable)
rCold   . . .      Faith    .    (shield currently unavailable)
rNeg    + . .      Spirit   .    (body armour currently unavailable)
rPois   ∞          Reflect  .    (helmet currently unavailable)
rElec   .          Harm     .    (cloak currently unavailable)
rCorr   .          Rampage  .    (gloves currently unavailable)
Will    .....                    (boots currently unavailable)
Stlth   +                        (no amulet)
HPRegen 0.25/turn                (ring currently unavailable)
MPRegen 0.09/turn                (ring currently unavailable)

@: pig-form, very quick
A: fast, no casting, sickness immunity, AC +4, small, negative energy resistance
1, (electricity resistance), torment resistance 1, petrification resistance
a: no special abilities


You were on level 3 of the Dungeon.
You were a filthy swine.
You visited 1 branch of the dungeon, and saw 3 of its levels.

You collected 88 gold pieces.
You spent 13 gold pieces at shops.

Inventory:

Hand Weapons
 a - a +0 war axe (melded)
Armour
 c - a +0 buckler (melded)
 t - a +0 chain mail (melded)
Jewellery
 o - a ring of protection from fire (melded)
Wands
 r - a wand of iceblast (4)
Scrolls
 e - 2 scrolls of brand weapon {unknown}
 g - a scroll of enchant weapon {unknown}
 h - a scroll of amnesia {unknown}
 j - 2 scrolls of immolation {unknown}
 k - 4 scrolls of identify {unknown}
 l - a scroll of silence {unknown}
 p - a scroll of noise {unknown}
 s - 3 scrolls of fear {unknown}
Potions
 b - a potion of mutation {unknown}
 d - a potion of might
 f - a potion of cancellation {unknown}
 i - a potion of haste {unknown}
 m - 2 potions of attraction {unknown}
 n - 2 potions of lignification {unknown}
 q - a potion of berserk rage {unknown}


   Skills:
 + Level 3.9 Fighting
 + Level 3.0 Axes
 + Level 4.3 Armour
 + Level 3.7 Shields
 * Level 0.9 Evocations


You had 4 spell levels left.
You didn't know any spells.
Your spell library contained the following spells:

 Spells                   Type           Power      Damage    Failure   Level
 Magic Dart               Conj           0%         1d3       41%         1
 Call Imp                 Summ           0%         N/A       54%         2
 Ignite Poison            Fire/Tmut/Pois 0%         N/A       78%         3
 Kindle Blastsparks       Fire/Tloc/Air  0%         2d10      78%         3
 Mephitic Cloud           Conj/Pois/Air  0%         N/A       78%         3
 Freezing Cloud           Conj/Ice/Air   0%         6-21      100%        5


Dungeon Overview and Level Annotations

Branches:
Dungeon (3/15)

Altars:

Shops:
D:1 =   D:2 =*!

Annotations:
D:3 Robin


Innate Abilities, Weirdness & Mutations

You are a filthy swine.
You move quickly.
Your equipment is almost entirely melded.
You are incapable of wielding weapons or throwing items.
You cannot cast spells.
You are immune to sickness and miasma.
((Your stone body is resilient. (AC +4)))
You are immune to poison.
You resist negative energy. (rN+)
((You are resistant to electric shocks. (rElec)))
You are resistant to unholy torment.
You are immune to petrification.


Message History

Robin throws the goblin at you! The goblin completely misses you.
You block the goblin's attack.
Your Axes skill increases to level 3!
The hobgoblin shouts!
You slash the hobgoblin!
You kill the hobgoblin!
You hit the goblin.
You kill the goblin!
You hit the goblin. You barely miss the goblin.
The goblin hits you but does no damage. The goblin hits you with a +0 club.
The goblin hits you but does no damage.
You slash the goblin!
You kill the goblin!
You hit the goblin but do no damage. Robin throws the goblin at you!
The goblin hits you but does no damage.
You hit the goblin.
You kill the goblin!
You barely miss the goblin. The goblin hits you but does no damage.
The goblin hits you with a +0 dagger. The hobgoblin barely misses you.
Robin hits you but does no damage.
You hit Robin but do no damage. You closely miss the hobgoblin.
You hit the hobgoblin. You hit the goblin.
The goblin hits you but does no damage.
The hobgoblin hits you but does no damage.
Robin zaps a wand.
You resist with some effort.
You hit the goblin.
You kill the goblin!
You closely miss the hobgoblin. You hit the hobgoblin but do no damage.
You completely miss Robin. You closely miss the hobgoblin.
Robin zaps a wand.
You turn into a filthy swine.
Your +0 war axe melds into your body.
Your +0 buckler melds into your body.
Your +0 chain mail melds into your body.
Your ring of protection from fire melds into your body.
The hobgoblin hits you. x2; The hobgoblin hits you!
Robin hits you with a +0 dagger.
* * * LOW HITPOINT WARNING * * *
The hobgoblin hits you.
* * * LOW HITPOINT WARNING * * *
The hobgoblin hits you.
You die...

### #.. ###
######## #.# ...
.......#
#.########.#
######.#
#[#........###. #.#
#.#............
#.###.#..<........#
#....).....)g......
###.###...)hg......
#.# #...)gg......
### #.#
#............ #..
..# ####.#.......
#.# ..# #.###.....
#.# #..# #.# .....
#.# #..# #.# ###.
#.#####..#
##.#######.
.....##..#
#..........


You could see Robin and 3 hobgoblins.

Vanquished Creatures
  Terence (D:3)
  An iguana (D:3)
  3 adders
  A dart slug (D:2)
  An orc (D:3)
  2 bats
  5 endoplasms
  2 giant cockroaches (D:1)
  10 goblins
  3 hobgoblins
  2 jackals (D:1)
  4 quokkas
  2 ball pythons
  2 frilled lizards (D:1)
  4 kobolds
  2 rats (D:1)
45 creatures vanquished.

Notes
Turn   | Place    | Note
-------+----------+-------------------------------------------
     0 | D:1      | bande the Gargoyle Fighter began the quest for the Orb.
     0 | D:1      | Reached XP level 1. HP: 14/14 MP: 1/1
    42 | D:1      | Found Suemnup's Jewellery Boutique.
   307 | D:1      | Reached XP level 2. HP: 19/19 MP: 2/2
   988 | D:2      | Found Otzeich's Assorted Antiques.
   995 | D:2      | Reached XP level 3. HP: 23/23 MP: 3/3
  1168 | D:2      | Found Cijadar's Jewellery Shop.
  1471 | D:2      | Found Jyfuloan's Distillery.
  1479 | D:2      | Bought a potion of degeneration for 13 gold pieces
  1811 | D:3      | Reached skill level 4 in Armour
  1811 | D:3      | Reached XP level 4. HP: 18/29 MP: 4/4
  2091 | D:3      | Found a faded altar of an unknown god.
  2158 | D:3      | Noticed Terence
  2171 | D:3      | Killed Terence
  2175 | D:3      | Reached XP level 5. HP: 19/33 MP: 5/5
  2235 | D:3      | Noticed Robin
  2246 | D:3      | HP: 1/33 [hobgoblin[Robin] (6)]
  2246 | D:3      | Slain by a hobgoblin

Illustrated notes

Levels and vault maps discovered:
D:1:      psy_arrival_whirlpool, layout_basic, serial_shops, shop,
          corexii_hall_statues_i, chequers_avenue, minmay_misc_feat_columns,
          grunt_decor_clamped
D:2:      layout_rooms, serial_shops, nicolae_shop_advertising_works
          [nicolae_subvault_shop_adworks], nicolae_shop_crystal, shop_fountains,
          serial_rivers, chequers_serial_rivers_micro_e,
          chequers_serial_rivers_small_a, chequers_serial_rivers_marsh,
          chequers_serial_rivers_small_3
D:3:      layout_loops_ring, shapermc_ecumenical_altar_venn,
          chequers_serial_rivers_micro_e, minmay_misc_feat_square, uniq_robin,
          uniq_terence, uniq_ijyb

Skill      XL: |  1  2  3  4  5 |
---------------+----------------+-----
Axes           | 2 3 |  3.0
Armour         | 4 |  4.3
Fighting       | |  3.9
Shields        | |  3.7
Evocations     | |  0.9

Action                   |  1- 3 |  4- 6 || total
-------------------------+-------+-------++-------
Melee: War axe           |   131 |    44 ||   175
Armor: Scale mail        |    63 |       ||    63
       Chain mail        |     5 |    34 ||    39
Dodge: Dodged            |    67 |    15 ||    82
Block: Buckler           |    24 |    17 ||    41

Table legend: (Time is in decaauts)
 A = Elapsed time spent in this place.
 B = Non-inter-level travel time spent in this place.
 C = Inter-level travel time spent in this place.
 D = Time resting spent in this place.
 E = Time spent auto-exploring this place.
 F = Levels seen in this place.
 G = Mean time per level.
                   A        B        C        D        E       F      G
               +--------+--------+--------+--------+--------+-----+--------+
         Total |   2333 |   2180 |    153 |    145 |   1594 |   3 |  777.7 |
       Dungeon |   2333 |   2180 |    153 |    145 |   1594 |   3 |  777.7 |
               +--------+--------+--------+--------+--------+-----+--------+

Top non-repeatable levels by time:
     D:1: 1023 daAuts
     D:2: 821 daAuts
     D:3: 489 daAuts
